 Dungeon Crawl Stone Soup version 0.30-a0-696-g2367cd04db (webtiles) character file.

Game seed: 9527775377331739095

112 testman the Shield-Bearer (level 4, -2/33 HPs)
             Began as a Demonspawn Wanderer on Jan 20, 2023.
             Killed by divine providence
             ... invoked by an orc priest
              (11 damage)
             ... on level 3 of the Dungeon.
             The game lasted 00:09:05 (2463 turns).

testman the Shield-Bearer (Demonspawn Wanderer)     Turns: 2463, Time: 00:09:06

Health: -2/33      AC:  8    Str: 13    XL:     4   Next: 64%
Magic:  1/6        EV: 10    Int: 12    God:
Gold:   104        SH:  5    Dex: 15    Spells: 4/5 levels left

rFire   . . .      SeeInvis .    a - +0 hand axe
rCold   . . .      Faith    .    b - +0 buckler {AC+3}
rNeg    . . .      Spirit   .    e - +0 leather armour
rPois   .          Reflect  .    (helmet restricted)
rElec   .          Harm     .    k - +0 cloak
rCorr   .          Rampage  .    (no gloves)
Will    .....                    h - +0 pair of boots
Stlth   +                        (no amulet)
HPRegen 0.25/turn                (no ring)
MPRegen 0.10/turn                (no ring)

@: very slightly contaminated
A: antennae 1
a: no special abilities


You were on level 3 of the Dungeon.
You visited 1 branch of the dungeon, and saw 3 of its levels.

You collected 104 gold pieces.

Inventory:

Hand Weapons
 a - a +0 hand axe (weapon)
 i - a +0 dagger
Armour
 b - a +0 buckler of protection (worn)
 e - a +0 leather armour (worn)
 h - a +0 pair of boots (worn)
 k - a +0 cloak (worn)
Wands
 c - a wand of polymorph (5)
Scrolls
 g - 3 scrolls of identify {unknown}
Potions
 d - 2 potions of mutation {unknown}
 f - a potion of curing {unknown}


   Skills:
 + Level 2.2 Fighting
 - Level 2.0 Axes
 - Level 4.0 Shields
 + Level 1.4 Spellcasting
 + Level 1.4 Conjurations
 + Level 1.2 Fire Magic
 - Level 3.1 Evocations


You had 4 spell levels left.
You knew the following spells:

 Your Spells              Type           Power      Damage    Failure   Level
a - Foxfire               Conj/Fire      16%        2x1d4     26%         1

Your spell library contained the following spells:

 Spells                   Type           Power      Damage    Failure   Level
 Fireball                 Conj/Fire      2%         3d4       100%        5
 Starburst                Conj/Fire      2%         6d3       100%        6


Dungeon Overview and Level Annotations

Branches:
Dungeon (3/15)

Altars:
Kikubaaqudgha

Shops:
D:1 [


Innate Abilities, Weirdness & Mutations

You have a pair of small antennae on your head.


Message History

The orc priest is moderately wounded.
The foxfire hits the orc priest.
The orc priest is moderately wounded.
Casting: Foxfire (safe; 28% risk of failure)
Press: ? - help, Q - select action, (/) - cycle Dir - look around, f - activate You conjure some foxfire!
The foxfire hits the orc priest but does no damage.
The orc priest is moderately wounded.
The foxfire hits the orc priest.
The orc priest is heavily wounded.
Casting: Foxfire (safe; 28% risk of failure)
Press: ? - help, Q - select action, (/) - cycle Dir - look around, f - activate You conjure some foxfire!
The orc priest looks encouraged for a moment.
Casting: Foxfire (safe; 28% risk of failure)
Press: ? - help, Q - select action, (/) - cycle Dir - look around, f - activate You miscast Foxfire.
You are very lightly contaminated with residual magic.
Nothing appears to happen.
The foxfire hits the orc.
The orc is heavily wounded.
You hit the orc.
The orc is severely wounded.
Sorry, you're not good enough to have a special ability.
Casting: Foxfire (safe; 28% risk of failure)
Press: ? - help, Q - select action, (/) - cycle Dir - look around, f - activate You miscast Foxfire.
Nothing appears to happen.
The orc barely misses you.
You don't have enough magic to cast this spell.
You don't have enough magic to cast this spell.
An orc comes into view. It is wielding a +0 dagger.
The orc shouts!
You hit the orc.
You kill the orc!
You hear a shout! x3
The orc priest casts a cantrip, but nothing happens.
An orc priest comes into view. It is wielding a +0 trident.
The orc priest invokes the aid of Beogh against you.
Beogh smites you!
You die...

## ...# .## ....# ..##
#...# #..##### #...#
##.....# #...# #+#
######.####...#####.#
#
###....#...##....#+##
#
#....................#
#.............@......#
..
#....................#
..
###########..........#
.. #)....o....# o# ##
#.....o)...# .# <#
#.....†....# .# ####
.#
########..###.#.....
'####### ##...))o.....
....)..# #.$o........


You could see an orc priest and an orc.

Vanquished Creatures
  Robin (D:2)
  An adder (D:2)
  2 dart slugs
  2 orcs (D:3)
  6 endoplasms
  2 giant cockroaches
  14 goblins
  10 hobgoblins
  10 jackals
  2 quokkas
  4 ball pythons
  10 bats
  4 frilled lizards
  3 kobolds
  3 rats
74 creatures vanquished.

Vanquished Creatures (others)
  54 foxfires
54 creatures vanquished.

Grand Total: 128 creatures vanquished

Notes
Turn   | Place    | Note
-------+----------+-------------------------------------------
     0 | D:1      | testman the Demonspawn Wanderer began the quest for the
                  | Orb.
     0 | D:1      | testman set off with the following items: a +0 hand axe, a
                  | +0 buckler of protection, a wand of polymorph (6), a potion
                  | of brilliance, a +0 leather armour.
     0 | D:1      | Reached XP level 1. HP: 15/15 MP: 1/1
    25 | D:1      | Found Lustil's Armour Boutique.
   156 | D:1      | Found a faded altar of an unknown god.
   229 | D:1      | Gained mutation: You have a pair of small antennae on your
                  | head. [demonic ancestry]
   229 | D:1      | Reached XP level 2. HP: 16/21 MP: 2/2
   236 | D:1      | Learned a level 1 spell: Foxfire
   613 | D:1      | Reached XP level 3. HP: 26/27 MP: 3/3
  1413 | D:2      | Noticed Robin
  1452 | D:2      | Reached skill level 1 in Conjurations
  1544 | D:2      | Killed Robin
  1545 | D:2      | Reached skill level 4 in Shields
  1545 | D:2      | Reached skill level 1 in Spellcasting
  1558 | D:2      | Reached skill level 1 in Fire Magic
  1558 | D:2      | Reached XP level 4. HP: 23/33 MP: 0/5
  2312 | D:3      | Found an ancient bone altar of Kikubaaqudgha.
  2463 | D:3      | Killed from afar by an orc priest

Illustrated notes

Levels and vault maps discovered:
D:1:      tarquinn_simple_flora_water_a, layout_basic, serial_shops,
          nicolae_shop_hallway_plus,
          hellmonk_ecumenical_altar_pennies_from_heaven
D:2:      layout_basic, uniq_robin
D:3:      cheibrodos_pilgrimage, layout_basic, marbit_many_paths,
          kennysheep_generic_room_10

Skill      XL: |  1  2  3  4 |
---------------+-------------+-----
Axes           | 2 |  2.0
Conjurations   | 1 |  1.4
Shields        | 4 |  4.0
Spellcasting   | 1 |  1.4
Fire Magic     | 1 |  1.2
Fighting       | 2 |  2.2
Evocations     | |  3.1

Action                   |  1- 3 |  4- 6 || total
-------------------------+-------+-------++-------
Melee: Hand axe          |   140 |    60 ||   200
 Cast: Foxfire           |    16 |    21 ||    37
Evoke: Wand              |     1 |       ||     1
  Use: Potion            |     2 |       ||     2
       Scroll            |     1 |       ||     1
 Stab: Sleeping          |       |     1 ||     1
Armor: Leather armour    |   106 |    41 ||   147
Dodge: Dodged            |   112 |    17 ||   129
Block: Buckler           |    42 |    15 ||    57

Table legend: (Time is in decaauts)
 A = Elapsed time spent in this place.
 B = Non-inter-level travel time spent in this place.
 C = Inter-level travel time spent in this place.
 D = Time resting spent in this place.
 E = Time spent auto-exploring this place.
 F = Levels seen in this place.
 G = Mean time per level.
                   A        B        C        D        E       F      G
               +--------+--------+--------+--------+--------+-----+--------+
         Total |   2513 |   2393 |    120 |     47 |   1701 |   3 |  837.7 |
       Dungeon |   2513 |   2393 |    120 |     47 |   1701 |   3 |  837.7 |
               +--------+--------+--------+--------+--------+-----+--------+

Top non-repeatable levels by time:
     D:1: 1167 daAuts
     D:2: 1044 daAuts
     D:3: 300 daAuts
